 Dungeon Crawl Stone Soup version 0.30-a0-629-gd54f4be4f7 (webtiles) character file.

Game seed: 8622242178535389628

128 IdlyInterested the Chopper (level 4, 0/34 HPs)
             Began as a Demonspawn Gladiator on Jan 12, 2023.
             Killed by nerve-wracking pain
             ... invoked by Grinder
              (11 damage)
             ... on level 3 of the Dungeon.
             The game lasted 00:05:56 (1502 turns).

IdlyInterested the Chopper (Demonspawn Gladiator)   Turns: 1502, Time: 00:05:56

Health: 0/34       AC:  8    Str: 14    XL:     4   Next: 87%
Magic:  4/4        EV: 11    Int: 12    God:
Gold:   6          SH:  0    Dex: 18    Spells: 3/3 levels left

rFire   . . .      SeeInvis .    a - +1 war axe
rCold   . . .      Faith    .    (no shield)
rNeg    . . .      Spirit   .    m - +0 ring mail
rPois   .          Reflect  .    c - +0 helmet
rElec   .          Harm     .    (no cloak)
rCorr   .          Rampage  .    (no gloves)
Will    .....                    (no boots)
Stlth   +                        (no amulet)
HPRegen 0.25/turn                (no ring)
MPRegen 0.09/turn                (no ring)

@: mighty
A: thin metallic scales 1, demonic touch 2, agile 1, clever 1, sense
surroundings 1
a: no special abilities


You were on level 3 of the Dungeon.
You visited 1 branch of the dungeon, and saw 3 of its levels.

You collected 97 gold pieces.
You spent 91 gold pieces at shops.

Inventory:

Hand Weapons
 a - a +1 war axe (weapon)
 b - a +0 war axe
 f - a +0 war axe
Missiles
 d - 3 throwing nets
 e - a javelin
 g - 26 stones (quivered)
 j - 7 boomerangs
Armour
 c - a +0 helmet (worn)
 m - a +0 ring mail (worn)
Scrolls
 h - a scroll of fear
 i - 2 scrolls of identify
 k - a scroll of amnesia {unknown}
 l - a scroll of magic mapping
Potions
 n - 2 potions of ambrosia
 o - a potion of lignification
 p - a potion of haste
 q - a potion of flight


   Skills:
 * Level 2.8 Fighting
 * Level 4.7 Axes
 - Level 1.7 Throwing
 - Level 2.6 Dodging


You had 3 spell levels left.
You didn't know any spells.
Your spell library contained the following spells:

 Spells                   Type           Power      Damage    Failure   Level
 Kindle Blastsparks       Fire/Tloc/Air  0%         2d10      90%         3
 Fulminant Prism          Conj/Hex       0%         3d5       100%        4
 Iskenderun's Mystic Bla  Conj/Tloc      0%         2d3       100%        4
 Lee's Rapid Deconstruct  Erth           0%         3d4*      100%        5
 Summon Forest            Summ/Tloc      0%         N/A       100%        5
 Summon Mana Viper        Hex/Summ       0%         N/A       100%        5
 Summon Cactus Giant      Summ           0%         N/A       100%        6


Dungeon Overview and Level Annotations

Branches:
Dungeon (3/15)

Altars:

Shops:
D:2 !*

Annotations:
D:3 Grinder


Innate Abilities, Weirdness & Mutations

You are partially covered in thin metallic scales. (AC +2)
Your touch may inflict irresistible damage on your foes.
You are agile. (Dex +4, Str/Int -1)
Your mind is acute. (Int +4, Str/Dex -1)
You passively map a small area around you.


Message History

You kill the orc!
You closely miss the giant cockroach. You slash the orc wizard!
The orc wizard closely misses you.
The giant cockroach bites you but does no damage.
Grinder blinks!
The orc wizard hits you but does no damage.
The orc completely misses you. The giant cockroach bites you.
You feel less confused.
The orc wizard mumbles some strange words.
The orc wizard flickers and vanishes!
Deactivating autopickup; reactivate with Ctrl-A.
The giant cockroach bites you but does no damage.
You slash the giant cockroach!
You kill the giant cockroach!
You slash the goblin!
You kill the goblin!
You slash Ijyb! Ijyb hits you with a +0 dagger. Ijyb closely misses you.
Something hits you but does no damage. The orc hits you with a +0 club.
You barely miss Ijyb.
You touch Ijyb!
You kill Ijyb!
You barely miss the orc. You barely miss something.
The orc hits you with a +0 club. Something hits you but does no damage.
Grinder blinks!
You slash something!
Reactivating autopickup.
You feel a bit more experienced.
You slash the orc!
You kill the orc!
Grinder says, "DUCK!"
Things that are here:
a +0 dagger; a +0 robe Grinder gestures at you.
You suddenly lose the ability to move!
Grinder zaps a wand.
The puff of flame hits you!
You can move again.
Things that are here:
a +0 club; an orc corpse You closely miss Grinder.
Grinder hits you but does no damage. Grinder gestures at you.
Pain shoots through your body!
You die...

* * * , ,
######### ,
######.......#
.......)))<..# ,
######..@....#
.......5....#
..>.....)....#
...............#
...............#
,
...............#
,
...............#
,
,..............#
.............#


You could see Grinder.

Vanquished Creatures
  Ijyb (D:3)
  An orc wizard (D:3)
  A gnoll (D:1)
  3 dart slugs (D:1)
  4 orcs (D:3)
  6 bats (D:1)
  5 endoplasms
  4 giant cockroaches
  8 goblins
  3 kobolds
  4 quokkas
  8 ball pythons
  3 frilled lizards
  3 rats
54 creatures vanquished.

Vanquished Creatures (others)
  2 plants (D:3)
2 creatures vanquished.

Grand Total: 56 creatures vanquished

Notes
Turn   | Place    | Note
-------+----------+-------------------------------------------
     0 | D:1      | IdlyInterested the Demonspawn Gladiator began the quest for
                  | the Orb.
     0 | D:1      | Reached XP level 1. HP: 16/16 MP: 1/1
   122 | D:1      | Reached skill level 3 in Axes
   125 | D:1      | Gained mutation: You are partially covered in thin metallic
                  | scales. (AC +2) [demonic ancestry]
   125 | D:1      | Reached XP level 2. HP: 5/22 MP: 2/2
   130 | D:1      | HP: 1/22 [kobold/+0 dagger (3)]
   131 | D:1      | Gained mutation: You passively map a small area around you.
                  | [potion of mutation]
   131 | D:1      | Gained mutation: Your mind is acute. (Int +4, Str/Dex -1)
                  | [potion of mutation]
   131 | D:1      | Gained mutation: You are agile. (Dex +4, Str/Int -1)
                  | [potion of mutation]
   430 | D:1      | Gained mutation: Your touch may inflict minor irresistible
                  | damage on your foes. [demonic ancestry]
   430 | D:1      | Reached XP level 3. HP: 27/28 MP: 3/3
   452 | D:1      | Found a faded altar of an unknown god.
   640 | D:1      | Reached skill level 4 in Axes
  1163 | D:2      | Found Ryawn's General Store.
  1311 | D:2      | Found Saplobagru's Distillery.
  1438 | D:2      | Bought a potion of flight for 39 gold pieces
  1438 | D:2      | Bought a potion of might for 52 gold pieces
  1485 | D:3      | Noticed Ijyb
  1488 | D:3      | Noticed Grinder
  1489 | D:3      | Gained mutation: Your touch may inflict irresistible damage
                  | on your foes. [demonic ancestry]
  1489 | D:3      | Reached XP level 4. HP: 34/34 MP: 4/4
  1497 | D:3      | Killed Ijyb
  1500 | D:3      | Paralysed by Grinder for 2 turns
  1502 | D:3      | Killed from afar by Grinder

Illustrated notes

Levels and vault maps discovered:
D:1:      dpeg_arrival_solitude, layout_loops_cross,
          nicolae_ecumenical_snake_handling, minmay_pentomino_z2
D:2:      layout_rooms, serial_shops, nicolae_shop_crystal,
          nicolae_lakefront_shop
D:3:      layout_rooms, serial_forest, infiniplex_forest_lined_1,
          infiniplex_forest_end_3, infiniplex_forest_diagonal,
          infiniplex_forest_lined_2, infiniplex_forest_lined_3,
          infiniplex_forest_clump_C, infiniplex_forest_straight_3,
          infiniplex_forest_clump_curved, infiniplex_forest_clump_curved,
          uniq_grinder, uniq_ijyb

Skill      XL: |  1  2  3 |
---------------+----------+-----
Axes           | 3 4 |  4.7
Fighting       | |  2.8
Throwing       | |  1.7
Dodging        | |  2.6

Action                   |  1- 3 |  4- 6 || total
-------------------------+-------+-------++-------
Melee: War axe           |    94 |     5 ||    99
       Punch             |     1 |       ||     1
       Touch             |    10 |     1 ||    11
  Use: Potion            |     1 |     1 ||     2
       Scroll            |     7 |       ||     7
 Stab: Sleeping          |     1 |       ||     1
Armor: Leather armour    |    42 |       ||    42
       Ring mail         |     4 |    10 ||    14
Dodge: Dodged            |    76 |     6 ||    82

Table legend: (Time is in decaauts)
 A = Elapsed time spent in this place.
 B = Non-inter-level travel time spent in this place.
 C = Inter-level travel time spent in this place.
 D = Time resting spent in this place.
 E = Time spent auto-exploring this place.
 F = Levels seen in this place.
 G = Mean time per level.
                   A        B        C        D        E       F      G
               +--------+--------+--------+--------+--------+-----+--------+
         Total |   1534 |   1318 |    216 |    138 |    658 |   3 |  511.3 |
       Dungeon |   1534 |   1318 |    216 |    138 |    658 |   3 |  511.3 |
               +--------+--------+--------+--------+--------+-----+--------+

Top non-repeatable levels by time:
     D:1: 894 daAuts
     D:2: 620 daAuts
     D:3: 19 daAuts
